Map: Cyber Forest LE

Players

ShaDoWn

  • Race: Protoss Protoss
  • Spawn Location: 5:00

Kelazhur - Winner!

  • Race: Terran Terran
  • Spawn Location: 11:00

Event: IEM Season 13: Katowice (2019)

VOD

Have the link to the VOD?

Description

Time

  • Played on: Feb. 26, 2019, 4:15 a.m.
  • Length: 10:25

All games in this series

Show
View Real Time Build Order
Export as new Build Order

ShaDoWn Protoss 

Build Orders: 1 Gate Expand, Phoenix Opening 

Get SALT Encoding   

  12  0:00  Probe  
  13  0:12  Probe  
  14  0:19  Pylon  
  14  0:24  Probe  
  15  0:33  Probe  
  15  0:38  Gateway  
  15  0:41  Probe  
  16  0:47  Assimilator  
  17  0:52  Probe  
  18  1:04  Probe  
  19  1:16  Probe  
  20  1:25  Cybernetics Core  
  20  1:34  Nexus  
  20  1:36  Probe  
  21  1:43  Pylon  
  21  1:49  Probe  
  21  1:52  Adept, Assimilator  
  21  2:01  Probe  
  24  2:13  Probe  
  24  2:15  Adept  
  27  2:25  Probe  
  27  2:28  Stargate  
  28  2:36  Warp Gate  
  28  2:37  Probe  
  28  2:42  Adept  
  29  2:49  Probe x2  
  33  3:01  Probe x2  
  33  3:02  Shield Battery  
  33  3:04  Phoenix  
  37  3:13  Probe x2  
  39  3:25  Probe x2  
  41  3:27  Phoenix  
  41  3:28  Pylon  
  43  3:37  Probe  
  43  3:39  Probe  
  45  3:43  Robotics Facility  
  40  3:59  Probe  
  34  4:03  Probe  
  34  4:11  Probe  
  34  4:15  Probe  
  35  4:23  Probe  
  36  4:26  Probe  
  36  4:27  Adept  
  35  4:32  Probe  
  35  4:34  Probe  
  33  4:40  Probe  
  33  4:42  Probe  
  35  4:50  Probe  
  37  4:53  Probe  
  37  4:56  Nexus  
  38  5:01  Probe  
  38  5:02  Probe  
  40  5:09  Probe  
  40  5:14  Probe  
  42  5:20  Probe  
  42  5:25  Immortal  
  42  5:26  Probe  
  42  5:28  Probe  
  48  5:32  Assimilator  
  49  5:36  Probe  
  49  5:38  Probe  
  51  5:43  Assimilator  
  51  5:46  Probe  
  51  5:48  Pylon, Probe  
  52  5:52  Twilight Council  
  53  5:58  Probe  
  53  6:02  Probe  
  54  6:07  Sentry  
  54  6:10  Immortal, Probe  
  54  6:11  Resonating Glaives  
  62  6:12  Probe  
  62  6:14  Probe  
  64  6:22  Gateway  
  64  6:25  Probe  
  63  6:30  Gateway  
  63  6:37  Gateway  
  63  6:41  Sentry  
  63  6:44  Immortal, Gateway  
  69  7:02  Gateway  
  69  7:08  Sentry  
  72  7:15  Probe  
  72  7:22  Adept  
  72  7:25  Pylon  
  74  7:33  Immortal  
  73  7:43  Adept x5  
  81  7:49  Probe  
  81  7:50  Phoenix  
  74  7:52  Probe  
  74  7:53  Probe  
  74  7:57  Pylon  
  74  8:03  Warp Prism  
  74  8:04  Pylon  
  78  8:06  Adept x3  
  82  8:13  Pylon  
  84  8:23  Probe  
  84  8:25  Adept x3  
  90  8:32  Adept  
  90  8:33  Adept x2  
  97  8:50  Adept x3  
  103  8:58  Probe  
  103  8:59  Probe  
  103  9:01  Probe  
  92  9:11  Probe  
  92  9:12  Probe  
  94  9:18  Probe  
  94  9:20  Adept x3  
  94  9:22  Adept x3  
  91  9:40  Adept  
  91  9:41  Adept x2  
  91  9:42  Adept x2  
  91  9:44  Adept x5  
  91  9:45  Adept  
  96  9:48  Probe  
  96  9:50  Probe  
  84  10:16  Stalker x2  
Show
View Real Time Build Order
Export as new Build Order

Kelazhur Terran - Winner!

Build Orders: 1/1/1, Hellion Opening 

Get SALT Encoding   

  12  0:00  SCV  
  13  0:12  SCV  
  14  0:17  Supply Depot  
  14  0:24  SCV  
  15  0:38  SCV  
  15  0:39  Barracks  
  16  0:43  Refinery  
  16  0:50  SCV  
  16  0:57  Refinery  
  17  1:02  SCV  
  18  1:15  SCV  
  19  1:26  Marine  
  19  1:27  Orbital Command  
  20  1:35  Factory  
  20  1:45  Barracks Reactor  
  20  1:50  Supply Depot  
  20  1:55  SCV  
  21  2:07  SCV  
  22  2:21  Starport  
  22  2:23  SCV  
  22  2:26  Hellion x2  
  28  2:40  Supply Depot  
  27  2:48  Hellion x2  
  30  3:00  SCV  
  30  3:02  Medivac  
  30  3:04  Command Center  
  33  3:16  Hellion x2  
  37  3:21  Barracks Tech Lab  
  37  3:23  Supply Depot  
  37  3:26  SCV  
  38  3:38  SCV  
  39  3:50  Marine x2  
  40  4:08  SCV, Marine x2  
  43  4:10  Cyclone  
  43  4:16  Barracks  
  43  4:17  Barracks  
  43  4:22  Orbital Command  
  43  4:23  SCV  
  44  4:28  Marine x2  
  46  4:35  SCV  
  39  4:43  Siege Tank  
  42  4:45  Marine  
  42  4:46  Marine  
  42  4:47  SCV  
  42  4:48  SCV  
  46  4:54  Viking  
  48  5:00  SCV  
  48  5:02  SCV  
  48  5:03  Marine x2  
  48  5:05  Barracks Tech Lab x2  
  52  5:13  SCV  
  53  5:14  SCV  
  54  5:21  Marine x2  
  54  5:25  Stimpack, SCV, Starport Reactor  
  54  5:26  SCV  
  58  5:28  Factory Reactor  
  58  5:29  Marine x2  
  58  5:30  Combat Shield  
  60  5:37  SCV  
  60  5:39  SCV  
  60  5:40  Engineering Bay  
  62  5:43  Supply Depot  
  62  5:49  Supply Depot  
  62  5:51  Refinery  
  62  6:02  Supply Depot  
  62  6:04  SCV x2, Marine x2  
  62  6:05  Marauder x2  
  62  6:08  Terran Infantry Weapons Level 1  
  62  6:11  Widow Mine x2  
  74  6:12  Medivac  
  74  6:15  Medivac  
  78  6:24  Marine x2  
  80  6:26  Marauder x2, SCV x2  
  80  6:32  Supply Depot  
  86  6:42  Supply Depot  
  86  6:49  Supply Depot  
  86  6:53  Marine x2  
  86  6:54  Marauder, Widow Mine, SCV  
  93  7:02  SCV  
  93  7:03  Marauder, Widow Mine, Medivac x2  
  93  7:07  Supply Depot  
  102  7:10  SCV  
  100  7:21  Marauder, Marine  
  103  7:22  Marine  
  103  7:24  Command Center  
  103  7:26  Concussive Shells  
  104  7:31  Supply Depot  
  104  7:33  Marauder  
  93  7:52  Marauder, Marine x2  
  93  7:55  Marauder, Widow Mine x2  
  93  7:57  Medivac  
  93  7:58  Barracks  
  103  7:59  Barracks, Medivac  
  104  8:08  SCV x2  
  106  8:12  Terran Infantry Armor Level 1  
  106  8:14  Liberator  
  106  8:17  Refinery, Marine x2  
  106  8:18  Marauder  
  106  8:19  Marauder  
  112  8:34  Liberator  
  115  8:35  SCV  
  115  8:39  Marauder  
  115  8:41  Marauder, SCV  
  121  8:42  Marine x2  
  121  8:48  SCV  
  124  8:52  Marine x2  
  124  8:54  SCV  
  130  8:59  Marine  
  130  9:00  SCV  
  132  9:04  Orbital Command  
  132  9:06  Marauder, Marine  
  132  9:07  Marauder, SCV  
  132  9:09  Marine, Supply Depot  
  138  9:12  Widow Mine  
  140  9:19  Widow Mine, Marine  
  140  9:21  Marine  
  138  9:24  Marine  
  138  9:28  Marauder x2  
  138  9:30  Marine  
  138  9:33  Widow Mine  
  138  9:37  Marine  
  140  9:38  Medivac  
  140  9:39  Marine  
  140  9:41  Widow Mine, SCV x2  
  140  9:42  Marine  
  146  9:48  Marine  
  146  9:49  Marauder  
  149  10:00  Supply Depot  
  149  10:01  Supply Depot  
  149  10:11  Supply Depot  

Tags
 
Add a new tag
Caveats
  • Supply blocks, unpowered buildings, or Contaminate may cause inaccurate times.
  • Supply counts are checked every 10 seconds.